Workbook

Sheet Biggest holders
A1: Company | B1: Biggest Holder | C1: Holding | D1: Other comments
A2: Krakatau Steel | B2: Republic of Indonesia | C2: 0.8
A3: Bumi Resources | B3: Long Haul Holdings | C3: 0.2315 | D3: 5 FII on list
A4: Lippo Karawacki | B4: Pacific Asia Holdings | C4: 0.1788 | D4: Blackrock, Vanguard etc.
A5: Gudang Garam | B5: Sutyaduta Investama | C5: 0.6929 | D5: Blackrock
A6: Perushann Gas | B6: Republic of Indonesia | C6: 0.5697 | D6: Blackrock again
A7: Semen Indonesia | B7: Republic of Indonesia | C7: 0.5101 | D7: Blackrock, Vanguard
A8: United Tractors | B8: PT Astra | C8: 0.595 | D8: Blackrock and other FII
A9: Media Nusantra | B9: Global Mediacom | C9: 0.6532 | D9: Blackrock and FII
A10: Indosat | B10: Coredoo Asia | C10: 0.65 | D10: 4 FII

Sheet Beta Regression
A1: Company | B1: Intercept | C1: Beta | D1: R-squared | E1: Rf (1-Beta) | F1: Jensen's alpha (monthy) | G1: Jensen's alpha (annual) | H1: Std Error of Beta | I1: Beta (low) | J1: Beta (high)
A2: ='Biggest holders'!A2 -> Krakatau Steel | B2: -0.0022 | C2: 0.99 | D2: 0.211 | E2: =5%/52*(1-C2) -> 9.6153846e-06 | F2: =B2-E2 -> -0.0022096154 | G2: =(1+F2)^52-1 -> -0.10865804 | H2: 0.19 | I2: =C2-2*H2 -> 0.61 | J2: =C2+H2*2 -> 1.37
A3: ='Biggest holders'!A3 -> Bumi Resources | B3: -0.0168 | C3: 1.19 | D3: 0.093 | E3: =5%/52*(1-C3) -> -0.00018269231 | F3: =B3-E3 -> -0.016617308 | G3: =(1+F3)^52-1 -> -0.58161786 | H3: 0.37 | I3: =C3-2*H3 -> 0.45 | J3: =C3+H3*2 -> 1.93
A4: ='Biggest holders'!A4 -> Lippo Karawacki | B4: -0.0022 | C4: 2 | D4: 0.469 | E4: =5%/52*(1-C4) -> -0.00096153846 | F4: =B4-E4 -> -0.0012384615 | G4: =(1+F4)^52-1 -> -0.062407549 | H4: 0.21 | I4: =C4-2*H4 -> 1.58 | J4: =C4+H4*2 -> 2.42
A5: ='Biggest holders'!A5 -> Gudang Garam | B5: -0.0008 | C5: 0.95 | D5: 0.243 | E5: =5%/52*(1-C5) -> 4.8076923e-05 | F5: =B5-E5 -> -0.00084807692 | G5: =(1+F5)^52-1 -> -0.043159636 | H5: 0.17 | I5: =C5-2*H5 -> 0.61 | J5: =C5+H5*2 -> 1.29
A6: ='Biggest holders'!A6 -> Perushann Gas | B6: -0.0022 | C6: 1 | D6: 0.358 | E6: =5%/52*(1-C6) -> 0 | F6: =B6-E6 -> -0.0022 | G6: =(1+F6)^52-1 -> -0.10821127 | H6: 0.13 | I6: =C6-2*H6 -> 0.74 | J6: =C6+H6*2 -> 1.26
A7: ='Biggest holders'!A7 -> Semen Indonesia | B7: -0.0025 | C7: 1.3 | D7: 0.44 | E7: =5%/52*(1-C7) -> -0.00028846154 | F7: =B7-E7 -> -0.0022115385 | G7: =(1+F7)^52-1 -> -0.10874737 | H7: 0.15 | I7: =C7-2*H7 -> 1 | J7: =C7+H7*2 -> 1.6
A8: ='Biggest holders'!A8 -> United Tractors | B8: 0.0026 | C8: 0.81 | D8: 0.193 | E8: =5%/52*(1-C8) -> 0.00018269231 | F8: =B8-E8 -> 0.0024173077 | G8: =(1+F8)^52-1 -> 0.13376995 | H8: 0.17 | I8: =C8-2*H8 -> 0.47 | J8: =C8+H8*2 -> 1.15
A9: ='Biggest holders'!A9 -> Media Nusantra | B9: -0.0041 | C9: 1.29 | D9: 0.323 | E9: =5%/52*(1-C9) -> -0.00027884615 | F9: =B9-E9 -> -0.0038211538 | G9: =(1+F9)^52-1 -> -0.18051616 | H9: 0.19 | I9: =C9-2*H9 -> 0.91 | J9: =C9+H9*2 -> 1.67
A10: ='Biggest holders'!A10 -> Indosat | B10: -0.0027 | C10: 0.71 | D10: 0.152 | E10: =5%/52*(1-C10) -> 0.00027884615 | F10: =B10-E10 -> -0.0029788462 | G10: =(1+F10)^52-1 -> -0.14369715 | H10: 0.17 | I10: =C10-2*H10 -> 0.37 | J10: =C10+H10*2 -> 1.05

Sheet ERP
A1: Company | B1: Exposure | C1: Revenues | D1: Proportion | E1: ERP | F1: Weighted ERP
A2: Krakatau | B2: Indonesia | C2: 1889 | D2: =C2/SUM($C$2:$C$2) -> 1 | E2: 0.0911 | F2: =D2*E2 -> 0.0911
A3: Bumi Resources | B3: Indonesia | C3: 2800 | D3: =C3/SUM($C$3:$C$6) -> 0.39469975 | E3: 0.0911 | F3: =D3*E3+D4*E4+D5*E5+D6*E6 -> 0.079376262
B4: Rest of Asia | C4: 3547 | D4: =C4/SUM($C$3:$C$6) -> 0.5 | E4: 0.0723
B5: Europe | C5: 704 | D5: =C5/SUM($C$3:$C$6) -> 0.099238793 | E5: 0.0697
B6: United States | C6: 43 | D6: =C6/SUM($C$3:$C$6) -> 0.0060614604 | E6: 0.0581
A7: Lippo Karawacki | B7: Indonesia | C7: 12028 | D7: 1 | E7: 0.0911 | F7: =D7*E7 -> 0.0911
A8: Gudang Garam | B8: Indonesia | C8: 62273 | D8: =C8/SUM($C$8:$C$9) -> 0.95532715 | E8: 0.0911 | F8: =D8*E8+D9*E9 -> 0.090264618
B9: Rest of the World | C9: 2912 | D9: =C9/SUM($C$8:$C$9) -> 0.044672854 | E9: 0.0724
A10: Perushaan Gas | B10: Indonesia | C10: 3408 | D10: 1 | E10: 0.0911 | F10: =D10*E10 -> 0.0911
A11: Semen Indonesia | B11: Indonesia | C11: 25610 | D11: =C11/SUM(C11:C13) -> 0.9490106 | E11: 0.0911 | F11: =D11*E11+D12*E12+D13*E13 -> 0.090138991
B12: Rest of Asia | C12: 1351 | D12: =C12/SUM(C11:C13) -> 0.050062996 | E12: 0.0723
B13: Europe | C13: 25 | D13: =C13/SUM(C11:C13) -> 0.00092640628 | E13: 0.0697
A14: United Tractor | B14: Indonesia | C14: 51012 | D14: 1 | E14: 0.0911 | F14: =D14*E14 -> 0.0911
A15: Media Nusantra | B15: Indonesia | C15: 24405 | D15: 1 | E15: 0.0911 | F15: 0.0911
A16: Indosat | B16: Indonesia | C16: 24085 | D16: 1 | E16: 0.0911 | F16: 0.0911

Sheet Beta
A1: Marginal tax rate = | B1: 0.25
A2: Company | B2: Business | C2: Unlevered Beta | D2: Total Debt | E2: Market Cap | F2: D/E Ratio | G2: Levered Beta
A3: ='Beta Regression'!A2 -> Krakatau Steel | B3: Steel | C3: =VLOOKUP(B3,'Global Betas'!$A$2:$J$97,6) -> 0.71886156 | D3: 1529 | E3: 408 | F3: =D3/E3 -> 3.747549 | G3: =C3*(1+(1-$B$1)*F3) -> 2.7393383
A4: ='Beta Regression'!A3 -> Bumi Resources | B4: Coal & Related Energy | C4: =VLOOKUP(B4,'Global Betas'!$A$2:$J$97,6) -> 0.91465813 | D4: 4228 | E4: 216 | F4: =D4/E4 -> 19.574074 | G4: =C4*(1+(1-$B$1)*F4) -> 14.342348
A5: ='Beta Regression'!A4 -> Lippo Karawacki | B5: Real Estate (General/Diversified) | C5: =VLOOKUP(B5,'Global Betas'!$A$2:$J$97,6) -> 0.64638217 | D5: 10787 | E5: 30001 | F5: =D5/E5 -> 0.35955468 | G5: =C5*(1+(1-$B$1)*F5) -> 0.82068948
A6: ='Beta Regression'!A5 -> Gudang Garam | B6: Tobacco | C6: =VLOOKUP(B6,'Global Betas'!$A$2:$J$97,6) -> 0.67246171 | D6: 15170 | E6: 90624 | F6: =D6/E6 -> 0.16739495 | G6: =C6*(1+(1-$B$1)*F6) -> 0.75688673
A7: ='Beta Regression'!A6 -> Perushann Gas | B7: Oil/Gas Distribution | C7: =VLOOKUP(B7,'Global Betas'!$A$2:$J$97,6) -> 0.83319465 | D7: 2145 | E7: 7881 | F7: =D7/E7 -> 0.27217358 | G7: =C7*(1+(1-$B$1)*F7) -> 1.0032748
A8: ='Beta Regression'!A7 -> Semen Indonesia | B8: Construction Supplies | C8: =VLOOKUP(B8,'Global Betas'!$A$2:$J$97,6) -> 0.82194399 | D8: 3970 | E8: 79779 | F8: =D8/E8 -> 0.049762469 | G8: =C8*(1+(1-$B$1)*F8) -> 0.85262046
A9: ='Beta Regression'!A8 -> United Tractors | B9: Machinery | C9: =VLOOKUP(B9,'Global Betas'!$A$2:$J$97,6) -> 0.95805119 | D9: 2620 | E9: 75271 | F9: =D9/E9 -> 0.034807562 | G9: =C9*(1+(1-$B$1)*F9) -> 0.98306176
A10: ='Beta Regression'!A9 -> Media Nusantra | B10: Entertainment | C10: =VLOOKUP(B10,'Global Betas'!$A$2:$J$97,6) -> 0.89673298 | D10: 3376 | E10: 29409 | F10: =D10/E10 -> 0.11479479 | G10: =C10*(1+(1-$B$1)*F10) -> 0.97393819
A11: ='Beta Regression'!A10 -> Indosat | B11: Telecom. Services | C11: =VLOOKUP(B11,'Global Betas'!$A$2:$J$97,6) -> 0.65811375 | D11: 27279 | E11: 20323 | F11: =D11/E11 -> 1.3422723 | G11: =C11*(1+(1-$B$1)*F11) -> 1.3206396

Sheet Cost of Debt
A1: Indonesian Rupiah Risk free rate | C1: 0.0611
A2: Default Spread for Indonesia = | C2: 0.022
A3: Marginal tax rate = | C3: =Beta!B1 -> 0.25
A4: =Beta!A2 -> Company | B4: EBIT | C4: Interest Expense | D4: Interest coverage ratio | E4: Bond Rating | F4: Pre-tax cost of debt | G4: After-tax cost of debt
A5: =Beta!A3 -> Krakatau Steel | B5: -115 | C5: 67 | D5: =IF(C5=0,100000,B5/C5) -> -1.7164179 | E5: =VLOOKUP(D5,'Ratings Lookup'!$A$3:$D$17,3) -> D | F5: =VLOOKUP(D5,'Ratings Lookup'!$A$3:$D$17,4)+$C$1+$C$2 -> 0.2031 | G5: =F5*(1-$C$3) -> 0.152325
A6: =Beta!A4 -> Bumi Resources | B6: 87 | C6: 723 | D6: =IF(C6=0,100000,B6/C6) -> 0.12033195 | E6: =VLOOKUP(D6,'Ratings Lookup'!$A$3:$D$17,3) -> D | F6: =VLOOKUP(D6,'Ratings Lookup'!$A$3:$D$17,4)+$C$1+$C$2 -> 0.2031 | G6: =F6*(1-$C$3) -> 0.152325
A7: =Beta!A5 -> Lippo Karawacki | B7: 3295 | C7: 1356 | D7: =IF(C7=0,100000,B7/C7) -> 2.429941 | E7: =VLOOKUP(D7,'Ratings Lookup'!$A$3:$D$17,3) -> B | F7: =VLOOKUP(D7,'Ratings Lookup'!$A$3:$D$17,4)+$C$1+$C$2 -> 0.1331 | G7: =F7*(1-$C$3) -> 0.099825
A8: =Beta!A6 -> Gudang Garam | B8: 8506 | C8: 1488 | D8: =IF(C8=0,100000,B8/C8) -> 5.7163978 | E8: =VLOOKUP(D8,'Ratings Lookup'!$A$3:$D$17,3) -> A- | F8: =VLOOKUP(D8,'Ratings Lookup'!$A$3:$D$17,4)+$C$1+$C$2 -> 0.0951 | G8: =F8*(1-$C$3) -> 0.071325
A9: =Beta!A7 -> Perushann Gas | B9: 721 | C9: 90 | D9: =IF(C9=0,100000,B9/C9) -> 8.0111111 | E9: =VLOOKUP(D9,'Ratings Lookup'!$A$3:$D$17,3) -> A+ | F9: =VLOOKUP(D9,'Ratings Lookup'!$A$3:$D$17,4)+$C$1+$C$2 -> 0.0921 | G9: =F9*(1-$C$3) -> 0.069075
A10: =Beta!A8 -> Semen Indonesia | B10: 6878 | C10: 843 | D10: =IF(C10=0,100000,B10/C10) -> 8.1589561 | E10: =VLOOKUP(D10,'Ratings Lookup'!$A$3:$D$17,3) -> A+ | F10: =VLOOKUP(D10,'Ratings Lookup'!$A$3:$D$17,4)+$C$1+$C$2 -> 0.0921 | G10: =F10*(1-$C$3) -> 0.069075
A11: =Beta!A9 -> United Tractors | B11: 8595 | C11: 92 | D11: =IF(C11=0,100000,B11/C11) -> 93.423913 | E11: =VLOOKUP(D11,'Ratings Lookup'!$A$3:$D$17,3) -> AAA | F11: =VLOOKUP(D11,'Ratings Lookup'!$A$3:$D$17,4)+$C$1+$C$2 -> 0.0871 | G11: =F11*(1-$C$3) -> 0.065325
A12: =Beta!A10 -> Media Nusantra | B12: 2611 | C12: 82 | D12: =IF(C12=0,100000,B12/C12) -> 31.841463 | E12: =VLOOKUP(D12,'Ratings Lookup'!$A$3:$D$17,3) -> AAA | F12: =VLOOKUP(D12,'Ratings Lookup'!$A$3:$D$17,4)+$C$1+$C$2 -> 0.0871 | G12: =F12*(1-$C$3) -> 0.065325
A13: =Beta!A11 -> Indosat | B13: 348 | C13: 2398 | D13: =IF(C13=0,100000,B13/C13) -> 0.14512093 | E13: =VLOOKUP(D13,'Ratings Lookup'!$A$3:$D$17,3) -> D | F13: =VLOOKUP(D13,'Ratings Lookup'!$A$3:$D$17,4)+$C$1+$C$2 -> 0.2031 | G13: =F13*(1-$C$3) -> 0.152325

Sheet Cost of capital
A1: ='Cost of Debt'!A4 -> Company | B1: Levered Beta | C1: ERP | D1: Cost of Equity | E1: After-tax cost of debt | F1: Debt/Capital | G1: Cost of Capital (Rupiah)
A2: ='Cost of Debt'!A5 -> Krakatau Steel | B2: =Beta!G3 -> 2.7393383 | C2: =ERP!F2 -> 0.0911 | D2: ='Cost of Debt'!$C$1+B2*C2 -> 0.31065371 | E2: ='Cost of Debt'!G5 -> 0.152325 | F2: =Beta!D3/(Beta!D3+Beta!E3) -> 0.789365 | G2: =D2*(1-F2)+E2*F2 -> 0.18567457
A3: ='Cost of Debt'!A6 -> Bumi Resources | B3: =Beta!G4 -> 14.342348 | C3: =ERP!F3 -> 0.079376262 | D3: ='Cost of Debt'!$C$1+B3*C3 -> 1.1995419 | E3: ='Cost of Debt'!G6 -> 0.152325 | F3: =Beta!D4/(Beta!D4+Beta!E4) -> 0.95139514 | G3: =D3*(1-F3)+E3*F3 -> 0.20322483
A4: ='Cost of Debt'!A7 -> Lippo Karawacki | B4: =Beta!G5 -> 0.82068948 | C4: =ERP!F7 -> 0.0911 | D4: ='Cost of Debt'!$C$1+B4*C4 -> 0.13586481 | E4: ='Cost of Debt'!G7 -> 0.099825 | F4: =Beta!D5/(Beta!D5+Beta!E5) -> 0.26446504 | G4: =D4*(1-F4)+E4*F4 -> 0.12633354
A5: ='Cost of Debt'!A8 -> Gudang Garam | B5: =Beta!G6 -> 0.75688673 | C5: =ERP!F8 -> 0.090264618 | D5: ='Cost of Debt'!$C$1+B5*C5 -> 0.12942009 | E5: ='Cost of Debt'!G8 -> 0.071325 | F5: =Beta!D6/(Beta!D6+Beta!E6) -> 0.14339187 | G5: =D5*(1-F5)+E5*F5 -> 0.12108973
A6: ='Cost of Debt'!A9 -> Perushann Gas | B6: =Beta!G7 -> 1.0032748 | C6: =ERP!F10 -> 0.0911 | D6: ='Cost of Debt'!$C$1+B6*C6 -> 0.15249834 | E6: ='Cost of Debt'!G9 -> 0.069075 | F6: =Beta!D7/(Beta!D7+Beta!E7) -> 0.21394375 | G6: =D6*(1-F6)+E6*F6 -> 0.13465044
A7: ='Cost of Debt'!A10 -> Semen Indonesia | B7: =Beta!G8 -> 0.85262046 | C7: =ERP!F11 -> 0.090138991 | D7: ='Cost of Debt'!$C$1+B7*C7 -> 0.13795435 | E7: ='Cost of Debt'!G10 -> 0.069075 | F7: =Beta!D8/(Beta!D8+Beta!E8) -> 0.047403551 | G7: =D7*(1-F7)+E7*F7 -> 0.13468922
A8: ='Cost of Debt'!A11 -> United Tractors | B8: =Beta!G9 -> 0.98306176 | C8: =ERP!F14 -> 0.0911 | D8: ='Cost of Debt'!$C$1+B8*C8 -> 0.15065693 | E8: ='Cost of Debt'!G11 -> 0.065325 | F8: =Beta!D9/(Beta!D9+Beta!E9) -> 0.033636749 | G8: =D8*(1-F8)+E8*F8 -> 0.14778664
A9: ='Cost of Debt'!A12 -> Media Nusantra | B9: =Beta!G10 -> 0.97393819 | C9: =ERP!F15 -> 0.0911 | D9: ='Cost of Debt'!$C$1+B9*C9 -> 0.14982577 | E9: ='Cost of Debt'!G12 -> 0.065325 | F9: =Beta!D10/(Beta!D10+Beta!E10) -> 0.10297392 | G9: =D9*(1-F9)+E9*F9 -> 0.14112439
A10: ='Cost of Debt'!A13 -> Indosat | B10: =Beta!G11 -> 1.3206396 | C10: =ERP!F16 -> 0.0911 | D10: ='Cost of Debt'!$C$1+B10*C10 -> 0.18141027 | E10: ='Cost of Debt'!G13 -> 0.152325 | F10: =Beta!D11/(Beta!D11+Beta!E11) -> 0.57306416 | G10: =D10*(1-F10)+E10*F10 -> 0.16474254

Sheet ROIC & EVA
A1: ='Cost of capital'!A1 -> Company | B1: EBIT | C1: Effective Tax Rate | D1: Total Debt | E1: Book Equity | F1: Cash | G1: Invested Capital | H1: ROIC | I1: Cost of Capital
A2: ='Cost of capital'!A2 -> Krakatau Steel | B2: ='Cost of Debt'!B5 -> -115 | C2: 0 | D2: 1006.33 | E2: 835 | F2: 193 | G2: =D2+E2-F2 -> 1648.33 | H2: =B2*(1-C2)/G2 -> -0.069767583 | I2: ='Cost of capital'!G2 -> 0.18567457
A3: ='Cost of capital'!A3 -> Bumi Resources | B3: ='Cost of Debt'!B6 -> 87 | C3: 0.25 | D3: 4252 | E3: -321 | F3: 21 | G3: =D3+E3-F3 -> 3910 | H3: =B3*(1-C3)/G3 -> 0.01668798 | I3: ='Cost of capital'!G3 -> 0.20322483
A4: ='Cost of capital'!A4 -> Lippo Karawacki | B4: ='Cost of Debt'!B7 -> 3295 | C4: 0.0634 | D4: 9997 | E4: 17646 | F4: 11640 | G4: =D4+E4-F4 -> 16003 | H4: =B4*(1-C4)/G4 -> 0.1928449 | I4: ='Cost of capital'!G4 -> 0.12633354
A5: ='Cost of capital'!A5 -> Gudang Garam | B5: ='Cost of Debt'!B8 -> 8506 | C5: 0.2501 | D5: 18147 | E5: 33229 | F5: 1588 | G5: =D5+E5-F5 -> 49788 | H5: =B5*(1-C5)/G5 -> 0.1281162 | I5: ='Cost of capital'!G5 -> 0.12108973
A6: ='Cost of capital'!A6 -> Perushann Gas | B6: ='Cost of Debt'!B9 -> 721 | C6: 0.2711 | D6: 1892 | E6: 2963 | F6: 1309 | G6: =D6+E6-F6 -> 3546 | H6: =B6*(1-C6)/G6 -> 0.14820556 | I6: ='Cost of capital'!G6 -> 0.13465044
A7: ='Cost of capital'!A7 -> Semen Indonesia | B7: ='Cost of Debt'!B10 -> 6878 | C7: 0.2045 | D7: 4083 | E7: 21804 | F7: 4175 | G7: =D7+E7-F7 -> 21712 | H7: =B7*(1-C7)/G7 -> 0.25200115 | I7: ='Cost of capital'!G7 -> 0.13468922
A8: ='Cost of capital'!A8 -> United Tractors | B8: ='Cost of Debt'!B11 -> 8595 | C8: 0.261 | D8: 2597 | E8: 36576 | F8: 10610 | G8: =D8+E8-F8 -> 28563 | H8: =B8*(1-C8)/G8 -> 0.22237528 | I8: ='Cost of capital'!G8 -> 0.14778664
A9: ='Cost of capital'!A9 -> Media Nusantra | B9: ='Cost of Debt'!B12 -> 2611 | C9: 0.3056 | D9: 3182 | E9: 9393 | F9: 1132 | G9: =D9+E9-F9 -> 11443 | H9: =B9*(1-C9)/G9 -> 0.15844432 | I9: ='Cost of capital'!G9 -> 0.14112439
A10: ='Cost of capital'!A10 -> Indosat | B10: ='Cost of Debt'!B13 -> 348 | C10: 0 | D10: 27872 | E10: 14210 | F10: 3480 | G10: =D10+E10-F10 -> 38602 | H10: =B10*(1-C10)/G10 -> 0.0090150769 | I10: ='Cost of capital'!G10 -> 0.16474254

Sheet Debt Ratios
A1: ='ROIC & EVA'!A1 -> Company | B1: EBITDA | C1: Debt/EBITDA | D1: EBITDA/EV | E1: Market Debt to Capital | F1: Optimal Debt Ratio | G1: Change in Value | H1: Industry for comparison | I1: Industry Average Debt to Capital (Market)
A2: ='ROIC & EVA'!A2 -> Krakatau Steel | B2: -48 | C2: =Beta!D3/'Debt Ratios'!B2 -> -31.854167 | D2: ='Debt Ratios'!B2/(Beta!E3+Beta!D3-'ROIC & EVA'!F2) -> -0.027522936 | E2: ='Cost of capital'!F2 -> 0.789365 | F2: 0 | G2: 0.5519 | H2: =Beta!B3 -> Steel | I2: =VLOOKUP(H2,'Global Betas'!$A$2:$J$96,4)/(1+VLOOKUP(H2,'Global Betas'!$A$2:$J$96,4)) -> 0.47340045
A3: ='ROIC & EVA'!A3 -> Bumi Resources | B3: 581 | C3: =Beta!D4/'Debt Ratios'!B3 -> 7.2771084 | D3: ='Debt Ratios'!B3/(Beta!E4+Beta!D4-'ROIC & EVA'!F3) -> 0.13135881 | E3: ='Cost of capital'!F3 -> 0.95139514 | F3: 0 | G3: 0.6157 | H3: =Beta!B4 -> Coal & Related Energy | I3: =VLOOKUP(H3,'Global Betas'!$A$2:$J$96,4)/(1+VLOOKUP(H3,'Global Betas'!$A$2:$J$96,4)) -> 0.35058338
A4: ='ROIC & EVA'!A4 -> Lippo Karawacki | B4: 2974 | C4: =Beta!D5/'Debt Ratios'!B4 -> 3.6271015 | D4: ='Debt Ratios'!B4/(Beta!E5+Beta!D5-'ROIC & EVA'!F4) -> 0.10203101 | E4: ='Cost of capital'!F4 -> 0.26446504 | F4: 0.1 | G4: 0.1028 | H4: =Beta!B5 -> Real Estate (General/Diversified) | I4: =VLOOKUP(H4,'Global Betas'!$A$2:$J$96,4)/(1+VLOOKUP(H4,'Global Betas'!$A$2:$J$96,4)) -> 0.44114152
A5: ='ROIC & EVA'!A5 -> Gudang Garam | B5: 10088 | C5: =Beta!D6/'Debt Ratios'!B5 -> 1.5037669 | D5: ='Debt Ratios'!B5/(Beta!E6+Beta!D6-'ROIC & EVA'!F5) -> 0.096808245 | E5: ='Cost of capital'!F5 -> 0.14339187 | F5: 0.1 | G5: -0.0001 | H5: =Beta!B6 -> Tobacco | I5: =VLOOKUP(H5,'Global Betas'!$A$2:$J$96,4)/(1+VLOOKUP(H5,'Global Betas'!$A$2:$J$96,4)) -> 0.14433865
A6: ='ROIC & EVA'!A6 -> Perushann Gas | B6: 980 | C6: =Beta!D7/'Debt Ratios'!B6 -> 2.1887755 | D6: ='Debt Ratios'!B6/(Beta!E7+Beta!D7-'ROIC & EVA'!F6) -> 0.112424 | E6: ='Cost of capital'!F6 -> 0.21394375 | F6: 0.2 | G6: -0.0014 | H6: =Beta!B7 -> Oil/Gas Distribution | I6: =VLOOKUP(H6,'Global Betas'!$A$2:$J$96,4)/(1+VLOOKUP(H6,'Global Betas'!$A$2:$J$96,4)) -> 0.34575648
A7: ='ROIC & EVA'!A7 -> Semen Indonesia | B7: 8204 | C7: =Beta!D8/'Debt Ratios'!B7 -> 0.48391029 | D7: ='Debt Ratios'!B7/(Beta!E8+Beta!D8-'ROIC & EVA'!F7) -> 0.103099 | E7: ='Cost of capital'!F7 -> 0.047403551 | F7: 0.1 | G7: 0.0044 | H7: =Beta!B8 -> Construction Supplies | I7: =VLOOKUP(H7,'Global Betas'!$A$2:$J$96,4)/(1+VLOOKUP(H7,'Global Betas'!$A$2:$J$96,4)) -> 0.32336289
A8: ='ROIC & EVA'!A8 -> United Tractors | B8: 12900 | C8: =Beta!D9/'Debt Ratios'!B8 -> 0.20310078 | D8: ='Debt Ratios'!B8/(Beta!E9+Beta!D9-'ROIC & EVA'!F8) -> 0.19173318 | E8: ='Cost of capital'!F8 -> 0.033636749 | F8: 0.2 | G8: 0.017 | H8: =Beta!B9 -> Machinery | I8: =VLOOKUP(H8,'Global Betas'!$A$2:$J$96,4)/(1+VLOOKUP(H8,'Global Betas'!$A$2:$J$96,4)) -> 0.17381331
A9: ='ROIC & EVA'!A9 -> Media Nusantra | B9: 2809 | C9: =Beta!D10/'Debt Ratios'!B9 -> 1.2018512 | D9: ='Debt Ratios'!B9/(Beta!E10+Beta!D10-'ROIC & EVA'!F9) -> 0.088743563 | E9: ='Cost of capital'!F9 -> 0.10297392 | F9: 0.2 | G9: 0.0091 | H9: =Beta!B10 -> Entertainment | I9: =VLOOKUP(H9,'Global Betas'!$A$2:$J$96,4)/(1+VLOOKUP(H9,'Global Betas'!$A$2:$J$96,4)) -> 0.21670717
A10: ='ROIC & EVA'!A10 -> Indosat | B10: 8654 | C10: =Beta!D11/'Debt Ratios'!B10 -> 3.152184 | D10: ='Debt Ratios'!B10/(Beta!E11+Beta!D11-'ROIC & EVA'!F10) -> 0.19613798 | E10: ='Cost of capital'!F10 -> 0.57306416 | H10: =Beta!B11 -> Telecom. Services | I10: =VLOOKUP(H10,'Global Betas'!$A$2:$J$96,4)/(1+VLOOKUP(H10,'Global Betas'!$A$2:$J$96,4)) -> 0.3863318

Sheet Dividend statistics
A1: ='Debt Ratios'!A1 -> Company | B1: Dividends | C1: Net Income | D1: Market Cap | E1: Dividend Yield | F1: Dividend Payout | G1: Industry | H1: Industry Dividend Yield | I1: Industry Dividend Payout
A2: ='Debt Ratios'!A2 -> Krakatau Steel | B2: 0 | C2: -146 | D2: 408 | E2: =B2/D2 -> 0 | F2: =IF(C2>0,B2/C2,"NA") -> NA | G2: =Beta!B3 -> Steel | H2: =VLOOKUP(G2,'Global Dividends'!$A$2:$H$96,4) -> 0.033864064 | I2: =VLOOKUP(G2,'Global Dividends'!$A$2:$H$96,3) -> 5.1987981
A3: ='Debt Ratios'!A3 -> Bumi Resources | B3: 0 | C3: -218 | D3: =Beta!E4 -> 216 | E3: =B3/D3 -> 0 | F3: =IF(C3>0,B3/C3,"NA") -> NA | G3: =Beta!B4 -> Coal & Related Energy | H3: =VLOOKUP(G3,'Global Dividends'!$A$2:$H$96,4) -> 0.034690346 | I3: =VLOOKUP(G3,'Global Dividends'!$A$2:$H$96,3) -> 1.1714807
A4: ='Debt Ratios'!A4 -> Lippo Karawacki | B4: 320 | C4: 2653 | D4: =Beta!E5 -> 30001 | E4: =B4/D4 -> 0.010666311 | F4: =IF(C4>0,B4/C4,"NA") -> 0.12061817 | G4: =Beta!B5 -> Real Estate (General/Diversified) | H4: =VLOOKUP(G4,'Global Dividends'!$A$2:$H$96,4) -> 0.020270795 | I4: =VLOOKUP(G4,'Global Dividends'!$A$2:$H$96,3) -> 0.26940223
A5: ='Debt Ratios'!A5 -> Gudang Garam | B5: 1539 | C5: 5233 | D5: =Beta!E6 -> 90624 | E5: =B5/D5 -> 0.016982256 | F5: =IF(C5>0,B5/C5,"NA") -> 0.29409517 | G5: =Beta!B6 -> Tobacco | H5: =VLOOKUP(G5,'Global Dividends'!$A$2:$H$96,4) -> 0.038327984 | I5: =VLOOKUP(G5,'Global Dividends'!$A$2:$H$96,3) -> 0.70946162
A6: ='Debt Ratios'!A6 -> Perushann Gas | B6: 454 | C6: 655 | D6: =Beta!E7 -> 7881 | E6: =B6/D6 -> 0.057606903 | F6: =IF(C6>0,B6/C6,"NA") -> 0.69312977 | G6: =Beta!B7 -> Oil/Gas Distribution | H6: =VLOOKUP(G6,'Global Dividends'!$A$2:$H$96,4) -> 0.034953514 | I6: =VLOOKUP(G6,'Global Dividends'!$A$2:$H$96,3) -> 1.3899164
A7: ='Debt Ratios'!A7 -> Semen Indonesia | B7: 2427 | C7: 5453 | D7: =Beta!E8 -> 79779 | E7: =B7/D7 -> 0.03042154 | F7: =IF(C7>0,B7/C7,"NA") -> 0.4450761 | G7: =Beta!B8 -> Construction Supplies | H7: =VLOOKUP(G7,'Global Dividends'!$A$2:$H$96,4) -> 0.024294288 | I7: =VLOOKUP(G7,'Global Dividends'!$A$2:$H$96,3) -> 0.54254064
A8: ='Debt Ratios'!A8 -> United Tractors | B8: 1995 | C8: 5430 | D8: =Beta!E9 -> 75271 | E8: =B8/D8 -> 0.026504231 | F8: =IF(C8>0,B8/C8,"NA") -> 0.36740331 | G8: =Beta!B9 -> Machinery | H8: =VLOOKUP(G8,'Global Dividends'!$A$2:$H$96,4) -> 0.017414507 | I8: =VLOOKUP(G8,'Global Dividends'!$A$2:$H$96,3) -> 0.36571963
A9: ='Debt Ratios'!A9 -> Media Nusantra | B9: 263 | C9: 1658 | D9: =Beta!E10 -> 29409 | E9: =B9/D9 -> 0.0089428406 | F9: =IF(C9>0,B9/C9,"NA") -> 0.15862485 | G9: =Beta!B10 -> Entertainment | H9: =VLOOKUP(G9,'Global Dividends'!$A$2:$H$96,4) -> 0.011292022 | I9: =VLOOKUP(G9,'Global Dividends'!$A$2:$H$96,3) -> 0.25939202
A10: ='Debt Ratios'!A10 -> Indosat | B10: 0 | C10: -3243 | D10: =Beta!E11 -> 20323 | E10: =B10/D10 -> 0 | F10: =IF(C10>0,B10/C10,"NA") -> NA | G10: =Beta!B11 -> Telecom. Services | H10: =VLOOKUP(G10,'Global Dividends'!$A$2:$H$96,4) -> 0.040547376 | I10: =VLOOKUP(G10,'Global Dividends'!$A$2:$H$96,3) -> 0.61306955

Sheet Global Betas
A1: Industry | B1: Number of firms | C1: Beta | D1: D/E Ratio | E1: Tax rate | F1: Unlevered beta | G1: Cash/Firm value | H1: Unlevered beta corrected for cash | I1: HiLo Risk | J1: Standard deviation of equity
A2: Advertising | B2: 253 | C2: 1.2724125 | D2: 0.30387357 | E2: 0.15741385 | F2: 1.0130353 | G2: 0.076134537 | H2: 1.0965182 | I2: 0.42539876 | J2: 0.56718185
A3: Aerospace/Defense | B3: 208 | C3: 1.078539 | D3: 0.22093308 | E3: 0.13172946 | F3: 0.90494387 | G3: 0.070391124 | H3: 0.97346733 | I3: 0.35693005 | J3: 0.47898768
A4: Air Transport | B4: 158 | C4: 1.0883627 | D4: 0.96305841 | E4: 0.14728955 | F4: 0.59760417 | G4: 0.070150436 | H4: 0.64268909 | I4: 0.30468418 | J4: 0.43551763
A5: Apparel | B5: 1174 | C5: 0.82083075 | D5: 0.24835423 | E5: 0.16128673 | F5: 0.67932808 | G5: 0.063703843 | H5: 0.72554829 | I5: 0.311851 | J5: 0.51791685
A6: Auto & Truck | B6: 125 | C6: 1.2809232 | D6: 0.82727125 | E6: 0.12980468 | F6: 0.74477148 | G6: 0.1120569 | H6: 0.83876036 | I6: 0.33168748 | J6: 0.45054223
A7: Auto Parts | B7: 632 | C7: 1.2494279 | D7: 0.25380346 | E7: 0.19280314 | F7: 1.0369821 | G7: 0.09533119 | H7: 1.146256 | I7: 0.31167142 | J7: 0.47793559
A8: Bank (Money Center) | B8: 604 | C8: 1.0238758 | D8: 2.757322 | E8: 0.19578927 | F8: 0.31822409 | G8: 0.1743104 | H8: 0.38540402 | I8: 0.19329764 | J8: 0.3523776
A9: Banks (Regional) | B9: 911 | C9: 0.65587536 | D9: 1.1369954 | E9: 0.21746828 | F9: 0.34707268 | G9: 0.2973936 | H9: 0.49397881 | I9: 0.18995019 | J9: 0.36794505
A10: Beverage (Alcoholic) | B10: 216 | C10: 0.79061912 | D10: 0.23176889 | E10: 0.1665939 | F10: 0.66262757 | G10: 0.035694035 | H10: 0.6871549 | I10: 0.27771301 | J10: 0.43051751
A11: Beverage (Soft) | B11: 108 | C11: 0.9312658 | D11: 0.23766073 | E11: 0.12515955 | F11: 0.7709695 | G11: 0.047492199 | H11: 0.80941017 | I11: 0.43136274 | J11: 0.42962569
A12: Broadcasting | B12: 138 | C12: 1.3481082 | D12: 0.41578953 | E12: 0.1953937 | F12: 1.0101617 | G12: 0.04047775 | H12: 1.0527757 | I12: 0.29548087 | J12: 0.50584645
A13: Brokerage & Investment Banking | B13: 551 | C13: 1.0480816 | D13: 2.0434081 | E13: 0.13387304 | F13: 0.37838918 | G13: 0.16425363 | H13: 0.452756 | I13: 0.33449589 | J13: 0.56726726
... A97: Total Market | B97: 42410 | C97: 1.0722116 | D97: 0.79330492 | E97: 0.14072266 | F97: 0.63758778 | G97: 0.096108704 | H97: 0.70538104 | I97: 0.34448412 | J97: 0.51472308

Sheet Ratings Lookup
A1: If interest coverage ratio is
A2: greater than | B2: ≤ to | C2: Rating is | D2: Spread is
A3: -100000 | B3: 0.499999 | C3: D | D3: 0.12
A4: 0.5 | B4: 0.799999 | C4: C | D4: 0.1
A5: 0.8 | B5: 1.249999 | C5: CC | D5: 0.08
A6: 1.25 | B6: 1.499999 | C6: CCC | D6: 0.07
A7: 1.5 | B7: 1.999999 | C7: B- | D7: 0.06
A8: 2 | B8: 2.499999 | C8: B | D8: 0.05
A9: 2.5 | B9: 2.999999 | C9: B+ | D9: 0.04
A10: 3 | B10: 3.499999 | C10: BB | D10: 0.0325
A11: 3.5 | B11: 3.9999999 | C11: BB+ | D11: 0.0275
A12: 4 | B12: 4.499999 | C12: BBB | D12: 0.0175
A13: 4.5 | B13: 5.999999 | C13: A- | D13: 0.012
A14: 6 | B14: 7.499999 | C14: A | D14: 0.01
... A17: 12.5 | B17: 100000 | C17: AAA | D17: 0.004

Sheet Global Dividends
A1: Industry | B1: Number of firms | C1: Dividend Payout | D1: Dividend Yield | E1: Market Cap | F1: ROE | G1: Institutional Holdings | H1: Std Dev in Stock Prices
A2: Advertising | B2: 253 | C2: 0.51387644 | D2: 0.018100987 | E2: 168196.9 | F2: 0.10210403 | G2: 0.21212048 | H2: 0.56718185
A3: Aerospace/Defense | B3: 208 | C3: 0.3252917 | D3: 0.017582655 | E3: 864408.61 | F3: 0.21045224 | G3: 0.38433287 | H3: 0.47898768
A4: Air Transport | B4: 158 | C4: 0.32685181 | D4: 0.013495514 | E4: 455372.09 | F4: 0.1108834 | G4: 0.27636158 | H4: 0.43551763
A5: Apparel | B5: 1174 | C5: 0.43210513 | D5: 0.018759438 | E5: 711790.2 | F5: 0.12071593 | G5: 0.15141624 | H5: 0.51791685
A6: Auto & Truck | B6: 125 | C6: 0.29620833 | D6: 0.026334893 | E6: 1112947.8 | F6: 0.14677758 | G6: 0.20354861 | H6: 0.45054223
A7: Auto Parts | B7: 632 | C7: 0.22843251 | D7: 0.014741819 | E7: 570952.62 | F7: 0.13315555 | G7: 0.21226189 | H7: 0.47793559
A8: Bank (Money Center) | B8: 604 | C8: 0.36716775 | D8: 0.030348245 | E8: 6240163.9 | F8: 0.10255974 | G8: 0.19704909 | H8: 0.3523776
A9: Banks (Regional) | B9: 911 | C9: 0.23447593 | D9: 0.018714179 | E9: 701385.68 | F9: 0.085485807 | G9: 0.25914335 | H9: 0.36794505
A10: Beverage (Alcoholic) | B10: 216 | C10: 0.54725513 | D10: 0.024145228 | E10: 873408.45 | F10: 0.14099855 | G10: 0.21402386 | H10: 0.43051751
A11: Beverage (Soft) | B11: 108 | C11: 0.58132596 | D11: 0.025172804 | E11: 435567.72 | F11: 0.20786818 | G11: 0.23351353 | H11: 0.42962569
A12: Broadcasting | B12: 138 | C12: 0.55669974 | D12: 0.018565008 | E12: 214655.41 | F12: 0.08636121 | G12: 0.25327851 | H12: 0.50584645
A13: Brokerage & Investment Banking | B13: 551 | C13: 0.27721632 | D13: 0.012356252 | E13: 733725.16 | F13: 0.090134437 | G13: 0.18518158 | H13: 0.56726726
... A97: Total Market | B97: 42410 | C97: 0.54406259 | D97: 0.030239106 | E97: 65376598 | F97: 0.11423583 | G97: 0.22898719 | H97: 0.51472308

Sheet Sheet1
